 Dungeon Crawl Stone Soup version 0.28.0-45-g0d030f2227 (webtiles) character file.

Game seed: 4244793750048394201

995 NinjaNoafa the Vandal (level 7, -1/61 HPs)
             Began as a Minotaur Hunter on Apr 15, 2022.
             Was an Initiate of the Shining One.
             Slain by an ogre
             ... wielding a +0 giant spiked club
              (32 damage)
             ... on level 5 of the Dungeon.
             The game lasted 00:16:35 (5303 turns).

NinjaNoafa the Vandal (Minotaur Hunter)             Turns: 5303, Time: 00:16:35

Health: -1/61      AC: 10    Str: 23    XL:     7   Next: 99%
Magic:  6/6        EV: 11    Int:  8    God:    the Shining One [......]
Gold:   248        SH:  3    Dex: 12    Spells: 6/6 levels left

rFire   . . .      SeeInvis +   s - +3 flail
rCold   . . .      Faith    +   y - +0 buckler
rNeg    . . .      Spirit   .   k - +0 scale mail
rPois   .          Reflect  .   (helmet restricted)
rElec   .          Harm     .   (no cloak)
rCorr   .          Rampage  .   o - +1 pair of gloves
Will    .....                   m - +0 pair of boots
Stlth   +.........              j - amulet of faith
HPRegen 0.20/turn               q - +6 ring of strength
MPRegen 0.10/turn               t - ring of see invisible

@: glowing, unable to read
A: horns 2, retaliatory headbutt, hooves 1, inability to read while threatened
a: Renounce Religion


You were on level 5 of the Dungeon.
You worshipped the Shining One.
The Shining One was noncommittal.
You visited 1 branch of the dungeon, and saw 5 of its levels.

You collected 248 gold pieces.

Inventory:

Hand Weapons
 a - a +1 hunting sling
 b - a +0 short sword
 g - a +0 whip of flaming
 i - a +2 dagger of speed
 r - a +1 dagger of holy wrath
 s - a +3 flail (weapon)
Missiles
 d - 8 sling bullets
 f - 149 stones (quivered)
 u - 5 poisoned darts
 x - 5 curare-tipped darts
Armour
 c - a +0 leather armour
 k - a +0 scale mail (worn)
 m - a +0 pair of boots (worn)
 o - a +1 pair of gloves (worn)
 y - a +0 buckler (worn)
Jewellery
 h - a ring of ice
 j - an amulet of faith (around neck)
 l - an amulet of reflection
 n - an amulet of the acrobat
 q - a +6 ring of strength (left hand)
 t - a ring of see invisible (right hand)
 w - a ring of protection from fire
Scrolls
 e - 3 scrolls of identify
 p - a scroll of immolation
 v - a scroll of teleportation
Potions
 z - a potion of invisibility {unknown}
 A - a potion of curing


   Skills:
 + Level 5.1 Fighting
 - Level 1.1 Short Blades
 * Level 3.2 Maces & Flails
 - Level 7.0 Slings
 - Level 3.0 Armour
 + Level 4.4 Dodging
 - Level 3.0 Stealth
 + Level 1.2 Invocations


You had 6 spell levels left.
You didn't know any spells.
Your spell library contained the following spells:

 Spells                   Type           Power      Damage    Failure   Level
 Summon Guardian Golem    Hex/Summ       0%         N/A       99%         3
 Orb of Destruction       Conj           0%         9d5       100%        7
 Spellforged Servitor     Conj/Summ      0%         N/A       100%        7


Dungeon Overview and Level Annotations

Branches:
Dungeon (5/15)             Temple (0/1) D:5

Altars:
Cheibriados
The Shining One


Innate Abilities, Weirdness & Mutations

You have a pair of horns on your head.
You reflexively headbutt those who attack you in melee.
You have large cloven feet.
You sometimes lose the ability to read scrolls when taking damage.


Message History

Unknown command.
s - a +3 flail (weapon)
You block the water moccasin skeleton's attack.
You hit the water moccasin skeleton.
The water moccasin skeleton is moderately damaged.
The water moccasin skeleton closely misses you.
You furiously retaliate!
You headbutt the water moccasin skeleton!
You thump the water moccasin skeleton!
The water moccasin skeleton is severely damaged.
The water moccasin skeleton closely misses you.
You furiously retaliate!
You headbutt the water moccasin skeleton!
You destroy the water moccasin skeleton!
The Shining One accepts your kill.
d - 8 sling bullets (gained 1)
An ogre comes into view. It is wielding a +0 giant spiked club.
Found a book of Rime.
The ogre shouts!
Found a staircase to the Ecumenical Temple.
You hit the ogre.
The ogre is lightly wounded.
The ogre hits you with a +0 giant spiked club!
You sock the ogre!
You headbutt the ogre, but do no damage.
The ogre is heavily wounded.
The ogre hits you with a +0 giant spiked club!
You feel threatened and lose the ability to read scrolls!
You hit the ogre but do no damage.
You headbutt the ogre, but do no damage.
The ogre is heavily wounded.
The ogre hits you but does no damage.
You hit the ogre.
The ogre is heavily wounded.
The ogre closely misses you.
You thump the ogre!
The ogre is almost dead.
The ogre hits you with a +0 giant spiked club!!
Ouch! That really hurt!
You die...

.>.≈≈≈≈≈≈...#
...≈≈≈≈≈≈...##
≈≈≈≈≈≈≈≈≈≈≈.:..##
≈≈≈≈≈≈≈≈≈≈.......
≈≈≈≈≈≈≈≈.........>
.≈≈≈≈≈.........#!.
....(.....O......
....(..##@# #...
......(...##..#
.........##...#
....##.......# ..
##....<## ##....#
##..## .....
.......


You could see an ogre.

Vanquished Creatures
  Pikel (D:3)
  A lemure (D:3)
  2 kobold brigands (D:4)
  A scorpion (D:4)
  A water moccasin skeleton (D:5)
  An orc priest (D:3)
  An iron imp (D:4)
  A bullfrog skeleton (D:4)
  An orc wizard (D:4)
  8 gnolls
  3 adders
  An adder skeleton (D:4)
  A dart slug (D:3)
  12 orcs
  7 ball pythons
  10 endoplasms
  3 giant cockroaches
  6 goblins
  8 hobgoblins
  3 jackals (D:3)
  6 quokkas
  8 bats
  3 frilled lizards
  13 kobolds
  2 rats
104 creatures vanquished.

Notes
Turn   | Place    | Note
-------+----------+-------------------------------------------
     0 | D:1      | NinjaNoafa the Minotaur Hunter began the quest for the Orb.
     0 | D:1      | Reached XP level 1. HP: 18/18 MP: 0/0
   110 | D:1      | Reached skill level 1 in Stealth
   124 | D:1      | Reached XP level 2. HP: 24/25 MP: 1/1
   888 | D:2      | Reached XP level 3. HP: 29/31 MP: 2/2
  1148 | D:2      | Found a faded altar of an unknown god.
  1315 | D:2      | Reached XP level 4. HP: 38/38 MP: 3/3
  1690 | D:3      | Gained mutation: You sometimes lose the ability to read
                  | scrolls when taking damage. [potion of mutation]
  1691 | D:3      | Lost mutation: You sometimes lose the ability to read
                  | scrolls when taking damage. [potion of mutation]
  1691 | D:3      | Gained mutation: You have large cloven feet. [potion of
                  | mutation]
  1691 | D:3      | Gained mutation: You sometimes lose the ability to read
                  | scrolls when taking damage. [potion of mutation]
  1699 | D:3      | Reached skill level 5 in Slings
  1739 | D:3      | Reached skill level 1 in Armour
  2066 | D:3      | Reached XP level 5. HP: 35/45 MP: 4/4
  2645 | D:3      | Reached skill level 1 in Short Blades
  3107 | D:4      | Noticed a lemure
  3107 | D:4      | Noticed a lemure
  3108 | D:4      | Noticed Pikel
  3312 | D:4      | Noticed a lemure
  3313 | D:4      | Noticed a lemure
  3501 | D:3      | Killed a lemure
  3916 | D:3      | Killed Pikel
  3917 | D:3      | Reached skill level 6 in Slings
  3917 | D:3      | Reached XP level 6. HP: 24/53 MP: 5/5
  3917 | D:3      | Reached XP level 7. HP: 27/60 MP: 6/6
  4272 | D:4      | Found a glowing golden altar of the Shining One.
  4279 | D:4      | Became a worshipper of the Shining One
  4683 | D:4      | Found a snail-covered altar of Cheibriados.
  4847 | D:4      | Reached skill level 5 in Fighting
  5023 | D:4      | Reached skill level 7 in Slings
  5107 | D:4      | Reached skill level 1 in Invocations
  5282 | D:5      | Entered Level 5 of the Dungeon
  5298 | D:5      | Found a staircase to the Ecumenical Temple.
  5303 | D:5      | Slain by an ogre

Illustrated notes

Levels and vault maps discovered:
D:1:      dpeg_arrival_connections, layout_loops_ring
D:2:      layout_loops_cross, hellmonk_ecumenical_altar_crossroads,
          minmay_small_reverse_x
D:3:      layout_loops_ring
D:4:      cheibrodos_thug_alley, layout_loops_ring,
          mainiacjoe_overflow_small_starburst, slow_altar_2, uniq_pikel
D:5:      layout_layer_cave, trog_book, mainiacjoe_overflow_brackets,
          temple_pool_b

Skill      XL: |  1  2  3  4  5  6  7 |
---------------+----------------------+-----
Stealth        | 1 2 3 |  3.0
Fighting       | 3 4 5 |  5.1
Dodging        | 3 4 |  4.4
Slings         | 5 6 7 |  7.0
Armour         | 1 2 3 |  3.0
Short Blades   | 1 |  1.1
Maces & Flails | 2 3 |  3.2
Invocations    | 1 |  1.2

Action                   |  1- 3 |  4- 6 |  7- 9 || total
-------------------------+-------+-------+-------++-------
Melee: Short sword       |    21 |       |       ||    21
       Headbutt          |     6 |    10 |     6 ||    22
       Dagger            |     7 |    67 |       ||    74
       Kick              |       |     4 |       ||     4
       Flail             |       |    31 |    42 ||    73
       Punch             |       |     1 |       ||     1
 Fire: Hunting sling     |    66 |    47 |    57 ||   170
  Use: Potion            |     2 |     9 |       ||    11
       Scroll            |       |     7 |       ||     7
Armor: Leather armour    |    14 |     2 |       ||    16
       Skin              |       |    58 |       ||    58
       Scale mail        |       |    26 |    19 ||    45
Dodge: Dodged            |    33 |    83 |    30 ||   146
Block: Other             |       |    15 |     3 ||    18
       Buckler           |       |       |     1 ||     1
